 Dungeon Crawl Stone Soup version 0.31-a0-161-gb58dd9be76 (webtiles) character file.

Game seed: 14295824038994959113

48 qw the Shooter (level 3, -1/22 HPs)
             Began as a Gargoyle Hunter on June 12, 2023.
             Slain by a gnoll
             ... wielding a +0 whip
              (4 damage)
             ... on level 2 of the Dungeon.
             The game lasted 00:00:29 (1533 turns).

qw the Shooter (Gargoyle Hunter)                    Turns: 1533, Time: 00:00:29

Health: -1/22      AC:  8    Str: 14    XL:     3   Next: 72%
Magic:  3/3        EV: 11    Int:  9    God:
Gold:   68         SH:  0    Dex: 15    Spells: 2/2 levels left

rFire   . . .        Y - +0 shortbow
rCold   . . .        (shield currently unavailable)
rNeg    + . .        c - +0 leather armour
rPois   inf          (no helmet)
rElec   +            j - +0 cloak
rCorr   .            (no gloves)
SInv    .            d - +0 pair of boots
Will    .....        (no amulet)
Stlth   ++           (no ring)
HPRegen 0.23/turn    (no ring)
MPRegen 0.08/turn

%: no passive effects
@: no status effects
A: sickness immunity, AC +3, negative energy resistance 1, electricity
resistance, torment resistance 1, petrification resistance
a: no special abilities


You were on level 2 of the Dungeon.
You visited 1 branch of the dungeon, and saw 2 of its levels.

You collected 68 gold pieces.


Innate Abilities, Weirdness & Mutations

You are immune to sickness and miasma.
Your stone body is resilient. (AC +3)
You are immune to poison.
You resist negative energy. (rN+)
You are resistant to electric shocks. (rElec)
You are resistant to unholy torment.
You are immune to petrification.


   Skills:
 + Level 2.9 Fighting
 - Level 5.0 Ranged Weapons
 - Level 1.5 Dodging
 - Level 1.1 Stealth


You had 2 spell levels left.
You didn't know any spells.
Your spell library was empty.

Inventory:

Hand Weapons
 Y - a +0 shortbow (weapon)
Armour
 c - a +0 leather armour (worn)
 d - a +0 pair of boots (worn)
 j - a +0 cloak (worn)
Scrolls
 a - a scroll of identify
Potions
 g - a potion of enlightenment {unknown}
 h - a potion of brilliance {unknown}
 i - a potion of magic {unknown}

Dungeon Overview and Level Annotations

Branches:
Dungeon (2/15)

Altars:


Message History

You shoot an arrow. The arrow closely misses the gnoll.
You hear a shout!
A gnoll comes into view. It is wielding a +0 whip.
The gnoll hits you from afar with a +0 spear.
1519 ||| Stepping ~*~*~tactically~*~*~ (outnumbered).
You start resting.
There are monsters nearby!
You shoot an arrow.
The arrow hits the gnoll but does no damage.
The gnoll hits you but does no damage.
You shoot an arrow.
The arrow hits the gnoll but does no damage.
The gnoll closely misses you.
You shoot an arrow. The arrow closely misses the gnoll.
The gnoll hits you with a +0 whip.
You shoot an arrow. The arrow hits the gnoll.
The gnoll is lightly wounded.
The gnoll hits you with a +0 whip.
You shoot an arrow.
The arrow hits the gnoll but does no damage.
The gnoll is lightly wounded.
The gnoll hits you with a +0 whip. x2
You shoot an arrow. The arrow hits the gnoll.
The gnoll is heavily wounded.
The gnoll barely misses you.
You shoot an arrow. The arrow barely misses the gnoll.
The gnoll barely misses you.
You shoot an arrow. The arrow barely misses the gnoll.
The gnoll hits you with a +0 whip.
You shoot an arrow. The arrow barely misses the gnoll.
The gnoll barely misses you.
You shoot an arrow. The arrow hits the gnoll.
The gnoll is heavily wounded.
The gnoll hits you but does no damage.
You shoot an arrow. The arrow hits the gnoll.
The gnoll is almost dead.
The gnoll hits you but does no damage. The gnoll barely misses you.
You shoot an arrow. The arrow barely misses the gnoll.
The gnoll hits you with a +0 whip.
You die...

# .### ###...#
.. #.g...# #.#
#@#...# #.#
#.# g.# # #.#
#.# .# ####
#.# #.# # ...#
#.# #.# ###
##.###.# #.#
... .......#
#.# #.#
....#..#######
#.# #.#
....#........#
#.##### ##.#


You could see a gnoll.

Vanquished Creatures
  An adder (D:2)
  A dart slug (D:1)
  2 endoplasms (D:1)
  A giant cockroach (D:1)
  2 goblins
  6 hobgoblins
  4 jackals (D:1)
  2 quokkas
  3 ball pythons
  5 bats
  A frilled lizard (D:1)
  3 kobolds
  2 rats (D:1)
33 creatures vanquished.

Notes
Turn   | Place    | Note
-------+----------+-------------------------------------------
     0 | D:1      | qw the Gargoyle Hunter began the quest for the Orb.
     0 | D:1      | Reached XP level 1. HP: 12/12 MP: 1/1
     0 | D:1      | 0 ||| qw: Version: 0.2-a-29-gc1b59c4
     0 | D:1      | 0 ||| qw: Game counter: 4212
     0 | D:1      | 0 ||| qw: Always use a shield: true
     0 | D:1      | 0 ||| qw: God list: Okawaru
     0 | D:1      | 0 ||| qw: Allow faded altars: false
     0 | D:1      | 0 ||| qw: Do Orc after D:15 true
     0 | D:1      | 0 ||| qw: Do second Lair branch before Depths: true
     0 | D:1      | 0 ||| qw: Lair rune preference: random
     0 | D:1      | 0 ||| qw: Plans: Normal, Zot:1-4, Slime:5, God:TSO, Crypt,
                  | Tomb, Abyss, Pan, Hells, Win
     0 | D:1      | 0 ||| PLANNING D:1-11
   181 | D:1      | Reached XP level 2. HP: 17/17 MP: 2/2
   381 | D:1      | HP: 4/17 [frozen (4)]
   384 | D:1      | HP: 1/17 [jackal (2)]
   586 | D:1      | Reached XP level 3. HP: 21/21 MP: 3/3
   626 | D:1      | Reached skill level 5 in Ranged Weapons
  1065 | D:1      | 1065 ||| UPGRADING to +0 pair of boots.
  1070 | D:1      | 1070 ||| UPGRADING to +0 cloak.
  1075 | D:1      | 1075 ||| READING scroll labelled REUGAN BEUFFIT.
  1076 | D:1      | 1076 ||| READING scroll labelled KIHEOCV LUMARU.
  1077 | D:1      | 1077 ||| DROPPING scroll of butterflies.
  1519 | D:2      | 1519 ||| Stepping ~*~*~tactically~*~*~ (outnumbered).
  1526 | D:2      | HP: 5/22 [gnoll/+0 whip (2)]
  1529 | D:2      | HP: 2/22 [gnoll/+0 whip (4)]
  1533 | D:2      | Slain by a gnoll

Levels and vault maps discovered:
D:1:      kilobyte_arrival_exit_the_forest, layout_basic, st_stairs_4,
          minmay_misc_feat_secret_circle, hex_medium, minivault_25
D:2:      layout_basic, minmay_tromino_i4

Skill      XL: |  1  2  3 |
---------------+----------+-----
Ranged Weapons | 5 |  5.0
Fighting       | |  2.9
Dodging        | |  1.5
Stealth        | |  1.1

Action                     || total
---------------------------++-------
   Fire: Shortbow          ||   120
    Use: Scroll            ||     2
 Armour: Leather armour    ||    47
  Dodge: Dodged            ||    58

Table legend:
 A = Non-vault XP
 B = Vault XP
 C = Vault XP percentage of total XP
 D = Non-vault monster count
 E = Vault monster count
 F = Vault count percentage of total count
                 A         B        C        D         E       F
            +---------+---------+-------+---------+---------+-------
      Total |      66 |       3 |   4.3 |      31 |       2 |   6.1
            +---------+---------+-------+---------+---------+-------
        D:1 |      40 |       3 |   7.0 |      22 |       2 |   8.3
        D:2 |      26 |       0 |   0.0 |       9 |       0 |   0.0
            +---------+---------+-------+---------+---------+-------
